Match 44330348
Unlisted

Match 44330348
End
Vickers Machine Gun Team
Selects Australian Defense Battlegroup
Selects Australian Defense Battlegroup
Selects Australian Light Infantry Section
Australian Light Infantry Section
Australian Light Infantry Section
Australian Light Infantry Section
Construct Section Command Post
Selects 2-pounder Anti-tank Gun Team
2-pounder Anti-tank Gun Team
Construct Platoon Command Post
CMP 15cwt Truck
Selects CMP 15cwt Supply Run
2-pounder Anti-tank Gun Team
Australian Light Infantry Section
Infantry Training
Selects Reinforced Resource Caches
Construct Company Command Post
CMP 15cwt Supply Run
Crusader II Medium Tank
Crusader II Medium Tank
STALKER4732
kit.ohume
Devochkin
M8 Rex
jenscher89
DutchTaylor
0
0

Comments sign in to comment!

No comments posted yet!